 Dungeon Crawl Stone Soup version 0.29.0-13-gc9e81de378 (webtiles) character file.

Game seed: 1206894215072811812

60 Ofeo the Chiller (level 4, -6/33 HPs)
             Began as a Meteoran Ice Elementalist on Sept 9, 2022.
             Splashed by a jelly's acid (9 damage)
             ... on level 4 of the Dungeon.
             The game lasted 00:02:31 (163 turns).

Ofeo the Chiller (Meteoran Ice Elementalist)         Turns: 163, Time: 00:02:31

Health: -6/33      AC: -2    Str:  9    XL:     4   Next: 50%
Magic:  0/10       EV: 13    Int: 18    God:
Gold:   19         SH:  0    Dex: 15    Spells: 9/10 levels left

rFire   . . .      SeeInvis .   g - +0 long sword
rCold   . . .      Faith    .   (no shield)
rNeg    . . .      Spirit   .   a - +0 robe
rPois   .          Reflect  .   (no helmet)
rElec   .          Harm     .   (no cloak)
rCorr   .          Rampage  .   (no gloves)
Will    .....                   (no boots)
Stlth   +.........              (no amulet)
HPRegen 0.11/turn               (no ring)
MPRegen 0.12/turn               (no ring)

@: corroded, glowing
A: sense surroundings 1, otherworldly, glowing, explore regen
a: no special abilities


You were on level 4 of the Dungeon.
You visited 1 branch of the dungeon, and saw 5 of its levels.

You collected 19 gold pieces.

Inventory:

Hand Weapons
 g - a +0 long sword (weapon)
Armour
 a - a +0 robe (worn)
Scrolls
 e - a scroll of fear {unknown}
 f - 2 scrolls of butterflies {unknown}
 i - a scroll of poison {unknown}
Potions
 b - a potion of magic
 c - a potion of curing {unknown}
 d - a potion of brilliance {unknown}
 h - a potion of degeneration {unknown}


   Skills:
 + Level 3.2 Dodging
 + Level 2.0 Stealth
 + Level 3.5 Spellcasting
 + Level 4.8 Ice Magic


You had 9 spell levels left.
You knew the following spells:

 Your Spells              Type           Power      Damage    Failure   Level
a - Freeze                Ice            80%        1d9       2%          1

Your spell library contained the following spells:

 Spells                   Type           Power      Damage    Failure   Level
 Frozen Ramparts          Ice            40%        1d7       6%          3
 Ozocubu's Armour         Ice            20%        N/A       6%          3
 Hailstorm                Conj/Ice       11%        3d5       50%         4


Dungeon Overview and Level Annotations

Branches:
Dungeon (5/15) Zot: 2838
 Temple: D:4-7

Altars:
Fedhas

Annotations:
D:4 Pikel


Innate Abilities, Weirdness & Mutations

You passively map a small area around you.
You are easily found by Zot.
You glow in the dark.
You regain HP and MP as you explore.


Message History

Casting: Freeze (safe; 2% risk of failure)
Confirm with . or Enter, or press ? or * to list all spells.
Aiming: Freeze (safe; 2% risk of failure)
Press: ? - help, Shift-Dir - straight line, f/p - adder
Aim: an adder (almost dead, slow)
You freeze the adder.
You kill the adder!
You feel sick.
You now have 2/10 mp.
Casting: Freeze (safe; 2% risk of failure)
Confirm with . or Enter, or press ? or * to list all spells.
Aiming: Freeze (safe; 2% risk of failure)
Press: ? - help, Shift-Dir - straight line, f - jelly
Aim: a jelly You freeze the jelly.
The jelly is lightly wounded.
You feel sick. The jelly hits you.
You are splashed with acid!
You take 11 damage, and have 14/33 hp.
MASSIVE DAMAGE!!
You now have 1/10 mp.
Casting: Freeze (safe; 2% risk of failure)
Confirm with . or Enter, or press ? or * to list all spells.
Aiming: Freeze (safe; 2% risk of failure)
Press: ? - help, Shift-Dir - straight line, f/p - jelly
Aim: a jelly (lightly wounded)
You freeze the jelly.
The jelly is heavily wounded.
You feel sick.
You are no longer poisoned.
The jelly hits you.
You are splashed with acid!
* * * LOW HITPOINT WARNING * * *
You take 9 damage, and have 5/33 hp.
MASSIVE DAMAGE!!
You now have 0/10 mp.
Pikel, Merchant of Souls comes into view.
He is wielding a +0 whip of freezing.
The jelly attacks as you move away! The jelly hits you but does no damage.
The jelly attacks as you move away! The jelly hits you.
* * * LOW HITPOINT WARNING * * *
The acid corrodes you!
You are splashed with acid!
You die...

*,* #.# * #.*
#.# *, * #.#
##K###
#.###$...,
#.##...$ **. ,
#.##.#.#####..
#.##.#.......#
##.##.......###
#<.@J.#>....#
#..##.#....## ,
#..##o#....# ,
#..†.......#
#..#.####### ,
##.#.# #.#.# *
* #.#.# , .....
* *


You could see a jelly.

Vanquished Creatures
  A hound (D:4)
  3 adders
  2 jackals (D:2)
  A quokka (D:1)
7 creatures vanquished.

Vanquished Creatures (others)
  5 fungi (D:4)
5 creatures vanquished.

Grand Total: 12 creatures vanquished

Notes
Turn   | Place    | Note
-------+----------+-------------------------------------------
     0 | D:1      | Ofeo the Meteoran Ice Elementalist began the quest for the
                  | Orb.
     0 | D:1      | Reached XP level 1. HP: 14/14 MP: 5/5
    68 | D:3      | You fall into a shaft and drop 2 floors!
    68 | D:5      | Entered Level 5 of the Dungeon
    68 | D:5      | Found a blossoming altar of Fedhas.
    99 | D:5      | Reached XP level 2. HP: 20/20 MP: 4/7
   135 | D:4      | Noticed a hound
   142 | D:4      | Killed a hound
   143 | D:4      | Reached XP level 3. HP: 26/26 MP: 4/8
   143 | D:4      | Reached XP level 4. HP: 33/33 MP: 5/10
   161 | D:4      | Noticed Pikel
   163 | D:4      | Splashed by a jelly's acid

Illustrated notes

Levels and vault maps discovered:
D:1:      minmay_arrival_radiant_lines, layout_basic,
          dreamdust_ecumenical_altar_angels_and_demons, grunt_decor_junction,
          kennysheep_minor_cross
D:2:      layout_basic
D:3:      layout_rooms, serial_shops, shop_coins, gup_sewer_entry_glass,
          uniq_sigmund, uniq_natasha, uniq_robin
D:4:      layout_rooms, mainiacjoe_overflow_boulevard, minmay_diced_spiral,
          uniq_pikel, uniq_grinder
D:5:      layout_rooms, lemuel_coloured_pillars_altar,
          grunt_temple_overflow_cloverleaf, minmay_temple_entry_offerings,
          nicolae_concentric_dashed_squares_mild

Skill      XL: |  1  2  3  4 |
---------------+-------------+-----
Spellcasting   | 3 |  3.5
Dodging        | 3 |  3.2
Stealth        | 2 |  2.0
Ice Magic      | |  4.8

Action                   |  1- 3 |  4- 6 || total
-------------------------+-------+-------++-------
 Cast: Freeze            |     8 |     7 ||    15
Armor: Robe              |     2 |     2 ||     4
Dodge: Dodged            |     3 |     4 ||     7
